 Dungeon Crawl Stone Soup version 0.30-a0-4-ga7cffc901d (webtiles) character file.

Game seed: 3049197255360183365

2 jfcaron the Sneak (level 1, 0/20 HPs)
             Began as a Hill Orc Delver on Aug 22, 2022.
             Succumbed to a scorpion's poison
             ... on level 5 of the Dungeon.
             The game lasted 00:01:21 (272 turns).

jfcaron the Sneak (Hill Orc Delver)                  Turns: 272, Time: 00:01:21

Health: 0/20       AC:  8    Str: 14    XL:     1   Next: 30%
Magic:  1/1        EV:  6    Int: 10    God:
Gold:   5          SH:  0    Dex: 12    Spells: 0/0 levels left

rFire   . . .      SeeInvis .    a - +0 hand axe
rCold   . . .      Faith    .    (no shield)
rNeg    . . .      Spirit   .    j - +0 chain mail
rPois   .          Reflect  .    (no helmet)
rElec   .          Harm     .    (no cloak)
rCorr   .          Rampage  .    (no gloves)
Will    .....                    (no boots)
Stlth   ..........               (no amulet)
HPRegen 0.06/turn                (no ring)
MPRegen 0.07/turn                (no ring)

@: lethally poisoned (0 -> -4), hasted, very quick
A: no striking features
a: no special abilities


You were on level 5 of the Dungeon.
You visited 1 branch of the dungeon, and saw 2 of its levels.

You collected 5 gold pieces.

Inventory:

Hand Weapons
 a - a +0 hand axe (weapon)
Armour
 j - a +0 chain mail (worn)
Wands
 g - a wand of digging (3)
Scrolls
 b - a scroll of blinking {unknown}
 c - a scroll of fog
 d - 2 scrolls of magic mapping
 h - a scroll of enchant armour {unknown}


   Skills:
 + Level 3.7 Fighting
 + Level 2.7 Axes
 + Level 0.0 Armour
 + Level 1.6 Dodging
 - Level 4.1 Stealth


You couldn't memorise any spells.
You didn't know any spells.
Your spell library was empty.

Dungeon Overview and Level Annotations

Branches:
Dungeon (5/15)
 Temple: D:4-7

Altars:

Annotations:
D:5 exclusion: necrophage


Message History

The scorpion stings you.
Found 2 dark potions.
The scorpion attacks as you move away! The scorpion stings you.
You are poisoned.
The scorpion poisons you!
You feel sick.
The scorpion stings you but does no damage.
It was a potion of ambrosia.
You are confused.
You feel invigorated.
You feel sick. The scorpion stings you.
You are lethally poisoned!
The scorpion poisons you!
You feel yourself speed up.
You feel very sick. The scorpion barely misses you.
You are too confused!
You bump into the rock wall.
You feel sick. The scorpion stings you.
* * * LOW HITPOINT WARNING * * *
You barely miss the scorpion.
You feel less invigorated.
You feel less confused.
* * * LOW HITPOINT WARNING * * *
You feel sick. The scorpion closely misses you.
You barely miss the scorpion.
* * * LOW HITPOINT WARNING * * *
You feel sick.
The scorpion stings you but does no damage.
You hit the scorpion.
The scorpion is lightly wounded.
* * * LOW HITPOINT WARNING * * *
You feel sick. The scorpion barely misses you.
You hit the scorpion.
The scorpion is moderately wounded.
* * * LOW HITPOINT WARNING * * *
You feel sick. The scorpion stings you.
* * * LOW HITPOINT WARNING * * *
You hit the scorpion.
The scorpion is moderately wounded.
The scorpion stings you but does no damage.
You hit the scorpion.
The scorpion is heavily wounded.
You die...

.... . # ... .!##. #.S
.....# .. #.. ......#
#.## #. .......##
#..###### .......@###
........ ........s.###
###.......
##..........###.....####
#..####......S.....## #.
##....#.......### #
#....####...#.....
.....## #...#.....
.....## #...#..... ....#
#.........


You could see a water moccasin and a scorpion.

Vanquished Creatures
  An orc (D:5)
1 creature vanquished.

Notes
Turn   | Place    | Note
-------+----------+-------------------------------------------
     0 | D:5      | jfcaron the Hill Orc Delver began the quest for the Orb.
     0 | D:5      | Reached XP level 1. HP: 19/19 MP: 1/1
    44 | D:5      | Noticed a necrophage
    80 | D:4      | Noticed a scorpion
   212 | D:5      | Noticed a water elemental
   238 | D:5      | Noticed a water moccasin
   245 | D:5      | Noticed a scorpion
   266 | D:5      | HP: 4/20 [scorpion (5)]
   270 | D:5      | HP: 1/20 [scorpion (1)]
   272 | D:5      | Succumbed to a scorpion's poison

Illustrated notes

Levels and vault maps discovered:
D:4:      kennysheep_big_flooded_room, layout_rooms,
          mainiacjoe_overflow_alcove_1, lemuel_coloured_pillars_altar,
          minmay_misc_feat_roman, grunt_decor_one_mirror
D:5:      layout_layer_cave, nicolae_qazlal_style_of_elements, serial_shops,
          shop

Action                   || total
-------------------------++-------
Melee: Hand axe          ||    12
       Punch             ||     1
  Use: Potion            ||     2
       Scroll            ||     1
 Stab: Sleeping          ||     1
Armor: Leather armour    ||     4
       Chain mail        ||     3
Dodge: Dodged            ||     6

Table legend: (Time is in decaauts)
 A = Elapsed time spent in this place.
 B = Non-inter-level travel time spent in this place.
 C = Inter-level travel time spent in this place.
 D = Time resting spent in this place.
 E = Time spent auto-exploring this place.
 F = Levels seen in this place.
 G = Mean time per level.
                   A        B        C        D        E       F      G
               +--------+--------+--------+--------+--------+-----+--------+
         Total |    272 |    270 |      2 |      0 |    185 |   2 |  136.0 |
       Dungeon |    272 |    270 |      2 |      0 |    185 |   2 |  136.0 |
               +--------+--------+--------+--------+--------+-----+--------+

Top non-repeatable levels by time:
     D:5: 270 daAuts
     D:4: 1 daAuts
